[Event "Early-Titled-Tuesday-Blitz-January-30-2024"]
[Site "Chess.com"]
[Date "2024.01.30"]
[Round "10"]
[White "ViIIagra"]
[Black "scarabee43"]
[Result "0-1"]
[WhiteElo "2964"]
[BlackElo "2856"]
[TimeControl "180+1"]
[EndTime "10:01:57 PST"]
[Termination "scarabee43 won on time"]

1. Nc3 e5 2. d4 exd4 3. Qxd4 Nc6 4. Qa4 Nf6 5. Nf3 Be7 6. Bg5 d6 7. e3 Bd7 8. O-O-O Ne5 9. Bb5 Nxf3 10. gxf3 c6 11. Be2 Qc7 12. Rhg1 d5 13. Bf4 Bd6 14.
Bxd6 Qxd6 15. Rxg7 Qxh2 16. f4 Qh6 17. Rg5 a5 18.
Rdg1 Be6 19. Qd4 O-O-O 20. Na4 Ne4 21. Re5 Rhg8 22. Rd1 Nxf2 23. Qa7 Nxd1 24. Nc5 Kc7 25. Qxb7+ Kd6 26. Bb5 cxb5 27. Ne4+ dxe4 28. Rxb5 Bd7 29.
Rb6+ Ke7 30. Qxe4+ Qe6 31. Rxe6+ Bxe6 32. Qh1 Nxe3 33.
Qh4+ Ke8 34. b3 Rg1+ 35. Kb2 Rg2 36. Qxh7 Rxc2+ 37. Ka3 Rdd2 38. Ka4 Rxa2+ 39. Kb5 Rab2 40. Kc6 Rdc2+ 41. Kd6 Nf5+ 42. Ke5 Ke7 0-1

[Event "Early-Titled-Tuesday-Blitz-January-30-2024"]
[Site "Chess.com"]
[Date "2024.01.30"]
[Round "10"]
[White "maciek_92"]
[Black "JeFumeDesClopes"]
[Result "1-0"]
[WhiteElo "2806"]
[BlackElo "2592"]
[TimeControl "180+1"]
[EndTime "10:01:58 PST"]
[Termination "maciek_92 won on time"]

1. d4 Nf6 2. Bg5 c5 3. d5 g6 4. Nc3 Bg7 5. e4 d6 6. Bc4 O-O 7. Qd2 Nbd7 8. Nf3 Ng4 9. Be2 a6 10. a4 Qb6 11. Ra2 Qb4 12. O-O Re8 13. h3 Nge5 14. Nh2 Nc4 15. Bxc4 Qxc4 16. Ra3 Qb4 17. Rb3 Qa5 18. Bh6 Bh8 19. Re1 b5 20. axb5 axb5 21.
Nxb5 Qd8 22. h4 Ba6 23. Na3 Ne5 24. h5 Nc4 25. Nxc4 Bxc4 26. Rh3 e6 27. hxg6 hxg6 28.
b3 Ba6 29. Bg5 Bf6 30. Bxf6 Qxf6 31. Ng4 Qg7 32. Qg5 exd5 33. Nf6+ Kf8 34. Rh7 Re5 35. Rxg7 Rxg5 36. Rg8+ Ke7 37. Nxd5+ Rxd5 38. Rxa8 Bb7 39. exd5+ Kd7 40. Ra7 1-0

[Event "Early-Titled-Tuesday-Blitz-January-30-2024"]
[Site "Chess.com"]
[Date "2024.01.30"]
[Round "10"]
[White "mac0504"]
[Black "CristianS27"]
[Result "1-0"]
[WhiteElo "2732"]
[BlackElo "2557"]
[TimeControl "180+1"]
[EndTime "10:01:58 PST"]
[Termination "mac0504 won by checkmate"]

1. c4 Nf6 2. Nc3 g6 3. e4 d6 4. d4 Bg7 5. Be2 O-O 6. Be3 c5 7.
d5 e6 8. h4 exd5 9. exd5 Re8 10. h5 Ne4 11. Nxe4 Rxe4 12. Qd2 Nd7 13. hxg6 hxg6 14.
Nf3 Ne5 15. Nxe5 Rxe5 16. Kf1 Qf6 17. Re1 Bd7 18. g3 Rae8 19. Kg2 Bf5 20. Bf3 Be4 21.
Bxe4 Rxe4 22. b3 Qf5 23. Bf4 Bd4 24. Bxd6 g5 25. Rh5 f6 26. Rxe4 Qxe4+ 27. f3 Qe2+ 28.
Qxe2 Rxe2+ 29. Kf1 Rxa2 30. f4 gxf4 31. Bxf4 Kf7 32.
Rh7+ Kg6 33. Rxb7 Kf5 34. d6 Kg4 35. d7 Kf3 36. Ke1 Be3 37. Bxe3 Kxe3 38. d8=Q Rh2 39. Re7+ Kf3 40. Qd3+ Kg4 41. Rg7+ Kh3 42. Qf5+ Kg2 43. Qf2+ Kh1 44. Qf1# 1-0

[Event "Early-Titled-Tuesday-Blitz-January-30-2024"]
[Site "Chess.com"]
[Date "2024.01.30"]
[Round "10"]
[White "Vsevolod_Ovchinnikov"]
[Black "m_ezat"]
[Result "1-0"]
[WhiteElo "2648"]
[BlackElo "2482"]
[TimeControl "180+1"]
[EndTime "10:01:58 PST"]
[Termination "Vsevolod_Ovchinnikov won by checkmate"]

1. g3 d5 2. Bg2 Bf5 3. c4 c6 4.
Qb3 Nd7 5. Qxb7 dxc4 6. Na3 e6 7. Nxc4 Ngf6 8. Nf3 Bc5 9. O-O O-O 10. Qxc6 Rc8 11. Qa4 Nb6 12. Nxb6 Qxb6 13. d3 Ng4 14. d4 Be7 15. h3 Nf6 16. Ne5 Be4 17. Nd7 Nxd7 18.
Bxe4 Nf6 19. Bf3 Rfd8 20. e3 h5 21. Rb1 h4 22. g4 Bd6 23. Bd2 Bb8 24. Bg2 Qd6 25.
Rfc1 Qh2+ 26. Kf1 Nd5 27. Rxc8 Rxc8 28. Rc1 Rd8 29. Qa5 Nb6 30. Qb5 g6 31. Qg5 Qd6 32.
Qxh4 Na4 33. b3 Nb2 34. Kg1 Re8 35. Rc2 Nd3 36. f4 Nb4 37. Bxb4 Qxb4 38. g5 e5 39. fxe5 Bxe5 40. Bd5 Bg7 41. Qf2 Rf8 42. h4 Qd6 43. Qf3 Qd7 44. Rf2 Kh7 45. Bxf7 a5 46. a4 Rc8 47. Qe4 Rc6 48. h5 Qh3 49. Bxg6+ Rxg6 50. hxg6+ Kg8 51. Qe8+ Bf8 52. Qf7+ Kh8 53. Qxf8# 1-0

[Event "Early-Titled-Tuesday-Blitz-January-30-2024"]
[Site "Chess.com"]
[Date "2024.01.30"]
[Round "10"]
[White "kekic76"]
[Black "deribas12345"]
[Result "1/2-1/2"]
[WhiteElo "2370"]
[BlackElo "2500"]
[TimeControl "180+1"]
[EndTime "10:01:58 PST"]
[Termination "Game drawn by repetition"]

1. e4 e6 2. d4 d5 3. exd5 exd5 4.
Bd3 c5 5. c3 c4 6. Be2 Bd6 7.
Nf3 Ne7 8. Bg5 f6 9. Bh4 Nf5 10. Bg3 Nxg3 11. hxg3 O-O 12. Nbd2 Re8 13. Qc2 g6 14. Nf1 Bf5 15. Qd2 Qe7 16. Ne3 Be4 17. Rh3 Nc6 18. Kf1 b5 19. a3 a5 20. Kg1 b4 21. axb4 axb4 22. Rxa8 Rxa8 23. Ne1 Ra1 24. f3 Bd3 25. Bxd3 cxd3 26. Kh2 h5 27. Nxd3 Qe6 28.
Nf4 Bxf4 29. gxf4 b3 30. Qd3 Ne7 31. Rg3 Re1 32. Rxg6+ Kf7 33. Rh6 Qxe3 34. Qh7+ Ke6 35. f5+ Nxf5 36. Qg8+ Kd7 37. Qxd5+ Kc7 38. Qc5+ Kb7 39. Qb5+ Kc7 40. Qc5+ Kb7 41. Qb5+ Ka7 42. Qa5+ Kb7 43. Qb5+ 1/2-1/2

[Event "Early-Titled-Tuesday-Blitz-January-30-2024"]
[Site "Chess.com"]
[Date "2024.01.30"]
[Round "10"]
[White "SahibSinghKnight"]
[Black "JuniorJumper"]
[Result "0-1"]
[WhiteElo "2645"]
[BlackElo "2539"]
[TimeControl "180+1"]
[EndTime "10:01:59 PST"]
[Termination "JuniorJumper won on time"]

1. e4 e5 2. Nf3 Nc6 3. Bb5 Nf6 4. O-O Nxe4 5. d4 Nd6 6. Bxc6 dxc6 7. dxe5 Nf5 8.
Qxd8+ Kxd8 9. Nc3 Ke8 10. h3 h5 11. Rd1 Be6 12. Ng5 Rh6 13. Nxe6 Rxe6 14. Bf4 Be7 15. Rd3 Rd8 16. Rad1 Rxd3 17. Rxd3 g5 18. Bh2 f6 19. g4 hxg4 20. hxg4 Nh4 21. Kf1 fxe5 22. Ne4 Ng6 23. Rh3 Nh4 24. Re3 Ng6 25. Rh3 Nh4 26. Ke2 Kf7 27. Rb3 b6 28. Ng3 Bc5 29. Ne4 Be7 30. Ng3 Rd6 31. Ne4 Rd4 32. Re3 Ng2 33. Rf3+ Ke6 34. Ng3 Nf4+ 35. Ke1 Bc5 36. c3 Ra4 37. a3 e4 0-1

[Event "Early-Titled-Tuesday-Blitz-January-30-2024"]
[Site "Chess.com"]
[Date "2024.01.30"]
[Round "10"]
[White "Crazy_girl99"]
[Black "garfield_pg"]
[Result "1-0"]
[WhiteElo "2623"]
[BlackElo "2474"]
[TimeControl "180+1"]
[EndTime "10:01:59 PST"]
[Termination "Crazy_girl99 won on time"]

1. e4 c5 2. Nf3 Nc6 3. Bc4 e6 4. Nc3 Nf6 5. e5 Ng4 6. Qe2 Qc7 7. Nb5 Qb8 8. d4 a6 9. Na3 cxd4 10. Bf4 Bb4+ 11. Kf1 d6 12. exd6 Bxd6 13. Bxd6 Qxd6 14. Bd3 Nge5 15. Nc4 Nxc4 16. Bxc4 O-O 17. Rd1 e5 18. h3 Bf5 19. c3 Rad8 20. Kg1 h6 21. g4 Bh7 22.
Kg2 Rfe8 23. Rhe1 b5 24. Bb3 d3 25. Qe3 e4 26. Nd2 Na5 27. f3 exf3+ 28. Qxf3 Bg6 29. Nf1 Nb7 30. Ng3 Nc5 31. Rxe8+ Rxe8 32. Bd5 Re7 33. b4 Na4 34. c4 Nc3 35. Rxd3 Bxd3 36.
Qxd3 Nxd5 37. cxd5 Re5 38. Nf5 Qd7 39. d6 f6 40. Qd4 Re6 41. Qd5 Kh7 42. Qd3 Kh8 43. Kg3 Re5 44. Qf3 Re6 45. Qa8+ Kh7 46. Qf8 1-0

[Event "Early-Titled-Tuesday-Blitz-January-30-2024"]
[Site "Chess.com"]
[Date "2024.01.30"]
[Round "10"]
[White "Grossboss19"]
[Black "topce"]
[Result "1-0"]
[WhiteElo "2611"]
[BlackElo "2409"]
[TimeControl "180+1"]
[EndTime "10:01:59 PST"]
[Termination "Grossboss19 won by checkmate"]

1. e4 e6 2. d3 d5 3. Nd2 Nf6 4.
Ngf3 Be7 5. g3 a5 6. Bg2 a4 7. a3 c5 8. O-O h6 9. Qe1 O-O 10. c3 Nc6 11. h4 b5 12. Nh2 b4 13. e5 Nh7 14. f4 bxc3 15. bxc3 Qa5 16. Ndf3 Ba6 17.
Qd2 Rab8 18. Qc2 Rb3 19. Bd2 Qb5 20. Ne1 Rb2 21. Qd1 Na5 22. Bc1 Rb3 23. Qc2 Rb8 24. f5 Rb1 25. Rxb1 Qxb1 26. Qxa4 Qxc1 27. Qxa5 Qe3+ 28.
Kh1 Bxd3 29. Nxd3 Qxd3 30. Qc7 Rb1 31. Qxe7 Rxf1+ 32. Nxf1 Qxf5 33. Qxc5 Qxe5 34. a4 Nf6 35. Qd4 Qe1 36. Kg1 Qa1 37. Qb4 h5 38. Bf3 g6 39. a5 Kg7 40. Qc5 e5 41. Bxd5 Nxd5 42. Qxd5 Qxc3 43. a6 Qa1 44. Qb7 e4 45. a7 Qd4+ 46.
Kg2 Qb2+ 47. Qxb2+ f6 48. a8=Q g5 49. Qxe4 gxh4 50. Qe7+ Kh6 51. Qbxf6# 1-0

[Event "Early-Titled-Tuesday-Blitz-January-30-2024"]
[Site "Chess.com"]
[Date "2024.01.30"]
[Round "10"]
[White "ErikRonka"]
[Black "Harry_Rakkel"]
[Result "1-0"]
[WhiteElo "2506"]
[BlackElo "2685"]
[TimeControl "180+1"]
[EndTime "10:01:59 PST"]
[Termination "ErikRonka won on time"]

1. e4 c5 2. a3 b6 3. b4 Bb7 4.
Nc3 e6 5. bxc5 Bxc5 6. d4 Be7 7.
Bd3 Qc8 8. Nge2 Nc6 9. O-O Na5 10. f4 g6 11. f5 gxf5 12. exf5 Nf6 13. fxe6 fxe6 14. Bf4 Rg8 15. Bg3 h5 16. d5 h4 17.
Bxh4 Nxd5 18. Nxd5 Bxd5 19. Nf4 Qc5+ 20. Bf2 Qc6 21.
Qh5+ Kd8 22. Nxd5 Qxd5 23. Qxd5 exd5 24. Be3 Nc4 25. Bd4 Rc8 26. g3 Nd2 27. Rf2 Ne4 28. Re2 Bc5 29. Bxc5 Nxc5 30. Bf5 Kc7 31. Rd1 Kc6 32.
Bh3 Rg5 33. Bg2 Rf8 34. Red2 Kb5 35. Rxd5 Rxd5 36. Bxd5 Ka4 37. g4 Kxa3 38. g5 a5 39. g6 Rf6 40. Bf7 Ne6 41. Rf1 1-0

[Event "Early-Titled-Tuesday-Blitz-January-30-2024"]
[Site "Chess.com"]
[Date "2024.01.30"]
[Round "10"]
[White "Nouali_Mohamed"]
[Black "cycygogne"]
[Result "1-0"]
[WhiteElo "2492"]
[BlackElo "2273"]
[TimeControl "180+1"]
[EndTime "10:02:00 PST"]
[Termination "Nouali_Mohamed won by resignation"]

1. e4 d5 2. exd5 Qxd5 3. Nc3 Qd6 4. Bc4 Nf6 5. Nf3 Bg4 6. Qe2 e6 7. d3 Nc6 8. Be3 O-O-O 9. Bb3 Nd5 10. Ne4 Qd7 11.
h3 Bh5 12. g4 Bg6 13. O-O-O Nxe3 14. fxe3 Bb4 15. a3 Ba5 16. Nc5 Qe7 17. d4 Bb6 18.
Nd3 h5 19. Nde5 Nxe5 20. Nxe5 Be4 21. Rhf1 f6 22. Nd3 hxg4 23. hxg4 g5 24. c4 c6 25. Bc2 Rh4 26. Nf2 Bxc2 27. Qxc2 Rdh8 28. Ne4 R8h6 29. Qe2 Rh2 30. Rf2 R2h3 31. Rdf1 Bd8 32. c5 Qc7 33. Nd6+ Kb8 34. e4 a6 35. e5 fxe5 36. Qxe5 Ka7 37.
Rf7 Qa5 38. Rxb7+ Ka8 39. Nc4 Kxb7 40. Nxa5+ Kc8 41. Nxc6 Rh1 42. Qb8+ Kd7 43. Qxd8+ Kxc6 44. Qa8+ Kb5 45. Rxh1 1-0

[Event "Early-Titled-Tuesday-Blitz-January-30-2024"]
[Site "Chess.com"]
[Date "2024.01.30"]
[Round "10"]
[White "FormerProdigy"]
[Black "mishanick"]
[Result "1-0"]
[WhiteElo "3045"]
[BlackElo "3137"]
[TimeControl "180+1"]
[EndTime "10:02:02 PST"]
[Termination "FormerProdigy won by resignation"]

1. d4 Nf6 2. c4 e6 3. Nf3 d5 4.
Nc3 Nbd7 5. cxd5 exd5 6. Bg5 c6 7. Qc2 h6 8. Bh4 g5 9. Bg3 Nh5 10. O-O-O Nxg3 11. hxg3 Nb6 12. e4 Be6 13. Bd3 Bg7 14. Kb1 Qd6 15. e5 Qe7 16. Nd2 O-O-O 17. f4 Bd7 18. f5 f6 19. e6 Be8 20. Nb3 Kb8 21. Nc5 h5 22. Qb3 Qc7 23. a4 Ka8 24. a5 Nc8 25. a6 Nd6 26. axb7+ Nxb7 27. N3a4 Bf8 28. Nxb7 Qxb7 29. Qxb7+ Kxb7 30. Nc5+ Kb6 31. b4 Bd6 32. Kc2 Bxg3 33. Ra1 Ra8 34. Ra6+ Kc7 35. Rha1 Kb8 36. b5 cxb5 37. Bxb5 Bxb5 38. Rb1 Kc7 39. Rxb5 Rhb8 40. Rxb8 Rxb8 41. Rxa7+ Kc6 42. Nd7 Rc8 43. Kd3 g4 44. Nxf6 Bh4 45. Nxh5 Rh8 46. Nf4 Bg5 47. Ng6 Rb8 48. e7 Rb3+ 49. Kc2 Rb8 50. f6 Rc8 51. Kd3 Kb6 52. Rd7 Bxf6 53. Rd6+ 1-0

[Event "Early-Titled-Tuesday-Blitz-January-30-2024"]
[Site "Chess.com"]
[Date "2024.01.30"]
[Round "10"]
[White "GaiozNigalidze"]
[Black "lilleper1"]
[Result "0-1"]
[WhiteElo "2715"]
[BlackElo "2913"]
[TimeControl "180+1"]
[EndTime "10:02:02 PST"]
[Termination "lilleper1 won by resignation"]

1. d4 Nf6 2. c4 e6 3. Nf3 Bb4+ 4. Bd2 a5 5. e3 O-O 6. Bd3 b6 7. O-O Bb7 8. Bc1 Be7 9. Nc3 d5 10. Bd2 Nbd7 11. Qe2 Ne4 12. cxd5 exd5 13. Rac1 Re8 14. Be1 Rc8 15. Nd2 Ndf6 16. Ndxe4 dxe4 17. Ba6 Bxa6 18. Qxa6 Qd7 19. h3 Bb4 20. Qb5 Bxc3 21. Qxd7 Nxd7 22. Rxc3 Nf6 23. Rc6 Kf8 24. Bd2 Ke7 25. Rfc1 Kd7 26. b3 Nd5 27. Kf1 Re6 28. Rxe6 Kxe6 29. Ke2 Kd6 30. f3 Re8 31. fxe4 Rxe4 32. Rf1 Ke6 33. g4 g6 34. Kf3 f5 35. Rc1 Kd7 36. gxf5 gxf5 37. Rg1 Rh4 38. Rg7+ Ke6 39. Kg3 Rh5 40. Kg2 Kd6 41. Kg3 Nf6 42. Be1 Rh6 43. Kf4 Rxh3 44. Kxf5 Rf3+ 45. Kg5 Ne4+ 46. Kh4 Rxe3 47. Rg1 Kd5 48.
Kh5 Kxd4 49. Bh4 c5 50. Rg7 b5 51. Rb7 c4 52. Rxb5 c3 53. Rb8 c2 54. Rc8 Kd3 55.
Rd8+ Ke2 56. Rc8 Nc3 0-1

[Event "Early-Titled-Tuesday-Blitz-January-30-2024"]
[Site "Chess.com"]
[Date "2024.01.30"]
[Round "10"]
[White "andrzej"]
[Black "Djager97"]
[Result "0-1"]
[WhiteElo "2445"]
[BlackElo "2568"]
[TimeControl "180+1"]
[EndTime "10:02:02 PST"]
[Termination "Djager97 won by resignation"]

1. e4 e6 2. d4 d5 3. Nc3 Nf6 4. e5 Nfd7 5. f4 c5 6. Nf3 Nc6 7. Be3 cxd4 8. Nxd4 Bc5 9. Qd2 O-O 10. O-O-O a6 11.
a3 Nxd4 12. Bxd4 b5 13. Qe3 Qc7 14. Kb1 Rb8 15. Bxc5 Nxc5 16. f5 Nd7 17. Re1 exf5 18. Nxd5 Qc5 19. Qb3 Bb7 20. Nf4 Nxe5 21. Bd3 Nxd3 22.
Qxd3 Be4 23. Qb3 b4 24. a4 Rbc8 25. Re2 Rfd8 26. Rhe1 g6 27. g4 Qd6 28. gxf5 Bxf5 29.
Nd5 Qxd5 30. Re8+ Kg7 31. Qxd5 Rxd5 32. Rxc8 Bxc8 33. Re8 Bf5 34. Ra8 Rd1+ 35. Ka2 Bxc2 36. Rxa6 Rd2 37. a5 h6 38. Rb6 Rd5 39. Ra6 g5 40. b3 h5 41. Kb2 Bd3 42. Ra8 g4 43. a6 Bxa6 44. Rxa6 Rd2+ 45. Kc1 Rxh2 46. Ra4 g3 47. Rxb4 g2 0-1

[Event "Early-Titled-Tuesday-Blitz-January-30-2024"]
[Site "Chess.com"]
[Date "2024.01.30"]
[Round "10"]
[White "Sina_Movahed"]
[Black "Nemegejas"]
[Result "1-0"]
[WhiteElo "3040"]
[BlackElo "2868"]
[TimeControl "180+1"]
[EndTime "10:02:03 PST"]
[Termination "Sina_Movahed won on time"]

1. e4 c6 2. d4 d5 3. e5 Bf5 4. Nc3 h5 5. Bd3 Bxd3 6. Qxd3 e6 7. Nf3 c5 8. O-O Nc6 9. Ne2 cxd4 10. Nexd4 Rc8 11.
c3 Nge7 12. Bg5 Qd7 13. Rad1 Ng6 14. Rfe1 h4 15. h3 Be7 16. Bxe7 Qxe7 17. Nb5 Kf8 18. Qe3 a6 19. Nbd4 Rh5 20. Nxc6 Rxc6 21. Rd4 Qc5 22. Ng5 Qe7 23. Nf3 Kg8 24. Rg4 Qc5 25. Nd4 Rxe5 26. Qd2 Rxe1+ 27. Qxe1 Rb6 28. Qd2 Qd6 29.
Nf3 Qe7 30. Nxh4 Nxh4 31. Qd4 f5 32. Rxh4 Rxb2 33. g3 Rb1+ 34. Kg2 Re1 35. Qf4 Qe8 36. Qc7 b5 37. g4 Re4 38. f3 Rc4 39. Qe5 Rc6 40.
gxf5 Qf7 41. Qb8+ Qf8 42. Rh8+ Kxh8 43. Qxf8+ Kh7 44. f6 Rc7 45. f7 Kg6 46. Qd6 Rxf7 47. Qxa6 Kf6 48. Qxb5 Rc7 49. Qb6 Rc4 50. Qd8+ Kf5 51.
Qf8+ Kg6 52. Qe8+ Kf6 53. Qd8+ Kg6 54. Qa5 Kf5 55. a4 Kf4 56. Qb5 1-0

[Event "Early-Titled-Tuesday-Blitz-January-30-2024"]
[Site "Chess.com"]
[Date "2024.01.30"]
[Round "10"]
[White "SaqoChess_Twitch"]
[Black "GMKrikor"]
[Result "0-1"]
[WhiteElo "2614"]
[BlackElo "2815"]
[TimeControl "180+1"]
[EndTime "10:02:03 PST"]
[Termination "GMKrikor won by resignation"]

1. d4 Nf6 2. c4 g6 3. Nc3 d5 4.
Bf4 Bg7 5. e3 O-O 6. Rc1 Be6 7.
Nf3 dxc4 8. Ng5 Bg4 9. Nf3 c5 10. Bxc4 cxd4 11. Qxd4 Bxf3 12. Qxd8 Rxd8 13. gxf3 Nc6 14. a3 Rac8 15. Ba2 Nh5 16. Bg3 Nxg3 17. hxg3 Ne5 18. Ke2 Nd3 19. Rc2 Nxb2 20. Rhc1 Nd3 21. Rd1 Nxf2 22. Rxd8+ Rxd8 23. Kxf2 Bxc3 24. Bxf7+ Kxf7 25.
Rxc3 Rd2+ 26. Kf1 Ra2 27. f4 b5 28. g4 h5 29. gxh5 gxh5 30. e4 h4 31. Rh3 a5 32.
Rxh4 Rxa3 33. Kf2 a4 34. Rh5 Rb3 35. Rh8 a3 36. Ra8 b4 37. Ra6 Rb2+ 38. Kf3 a2 39. e5 e6 40. Kg4 b3 41. Kg5 Rg2+ 42.
Kh6 Rg1 43. Ra7+ Ke8 44. Ra8+ Kd7 45. Ra7+ Kc6 46. f5 exf5 47. e6 a1=Q 48. Rxa1 Rxa1 49. e7 Re1 50. e8=Q+ 0-1

[Event "Early-Titled-Tuesday-Blitz-January-30-2024"]
[Site "Chess.com"]
[Date "2024.01.30"]
[Round "10"]
[White "ChessSwole"]
[Black "InitiatingASC"]
[Result "0-1"]
[WhiteElo "2590"]
[BlackElo "2439"]
[TimeControl "180+1"]
[EndTime "10:02:03 PST"]
[Termination "InitiatingASC won on time"]

1. e4 c5 2. Nf3 Nc6 3. Nc3 Nf6 4. Bc4 Nxe4 5. Nxe4 d5 6. Bd3 dxe4 7. Bxe4 Nd4 8. O-O e6 9. c3 Nxf3+ 10. Qxf3 Qc7 11. d4 cxd4 12. Bf4 Bd6 13. Bxd6 Qxd6 14. Bxb7 Bxb7 15. Qxb7 O-O 16. Rad1 d3 17. Qe4 Rfd8 18. Rd2 Qd5 19. Qxd5 Rxd5 20. Rfd1 Rad8 21. f3 h5 22. Kf2 h4 23.
Ke3 Re5+ 24. Kf4 Red5 25. Ke4 Rb5 26. b3 Rg5 27. f4 Ra5 28. a4 Rb8 29. b4 Rxa4 30.
Rxd3 a5 31. Rd8+ Rxd8 32. Rxd8+ Kh7 33. Ra8 Ra3 34. Rxa5 Rxc3 35. Rh5+ Kg6 36. Rg5+ Kf6 37. Kd4 Rb3 38. b5 Rb4+ 39. Ke3 Rb3+ 40. Kf2 h3 41. g4 g6 42. Re5 Ke7 43. g5 Kd6 44. Kf1 Rb2 45. Kg1 Rg2+ 46. Kh1 Rf2 47. Kg1 Rxf4 48. Re3 Rg4+ 49. Kf1 Rxg5 50. Rb3 Kc7 51. b6+ Kb7 52. Rb4 Rg2 53. Rf4 f5 0-1

[Event "Early-Titled-Tuesday-Blitz-January-30-2024"]
[Site "Chess.com"]
[Date "2024.01.30"]
[Round "10"]
[White "WiktoriaPOL"]
[Black "Shuvalov"]
[Result "0-1"]
[WhiteElo "2267"]
[BlackElo "2469"]
[TimeControl "180+1"]
[EndTime "10:02:03 PST"]
[Termination "Shuvalov won on time"]

1. c4 Nf6 2. Nc3 g6 3. g3 d5 4.
cxd5 Nxd5 5. Bg2 Nxc3 6. bxc3 Bg7 7. d4 c5 8. e3 O-O 9. Ne2 Nc6 10. O-O Qc7 11. Ba3 b6 12. dxc5 Bb7 13. Nd4 Rfd8 14.
Qa4 Ne5 15. Qb5 Bxg2 16. Kxg2 Rdc8 17. cxb6 axb6 18. Bb4 Qb7+ 19. Kg1 Rd8 20. f4 Ng4 21. Qe2 h5 22. Qf3 Qa6 23. h3 Nf6 24. e4 Re8 25.
e5 Nd7 26. Nc6 Nc5 27. Nd4 e6 28. a3 Rac8 29. Qe2 Qa8 30. Qg2 Qa4 31. Qc2 Qxc2 32. Nxc2 Ne4 33. Rf3 g5 34. Nd4 g4 35. hxg4 hxg4 36.
Re3 Nd2 37. Rd1 Nc4 38. Re2 Red8 39. Kf2 Bf8 40. Bxf8 Kxf8 41. Ree1 Nxa3 42. Ne2 Nc4 43. Rxd8+ Rxd8 44. Rb1 Rd3 45. Rb4 Rf3+ 46. Kg2 Ne3+ 47. Kh1 Rf2 48. Ng1 Nf1 0-1

[Event "Early-Titled-Tuesday-Blitz-January-30-2024"]
[Site "Chess.com"]
[Date "2024.01.30"]
[Round "10"]
[White "TigrVShlyape"]
[Black "wannabe2700"]
[Result "0-1"]
[WhiteElo "2922"]
[BlackElo "2680"]
[TimeControl "180+1"]
[EndTime "10:02:04 PST"]
[Termination "wannabe2700 won by resignation"]

1. e4 c5 2. Nf3 e6 3. d4 cxd4 4.
Nxd4 Nf6 5. Nc3 Nc6 6. Ndb5 Bc5 7. Bf4 O-O 8. Bc7 Qe7 9. Bd6 Bxd6 10. Qxd6 Qd8 11. O-O-O a6 12. Nd4 Ne7 13. f3 b5 14.
a3 Bb7 15. Be2 Ne8 16. Qg3 d5 17. e5 Rc8 18. f4 Nc7 19. h4 Nf5 20. Nxf5 exf5 21.
Bd3 Qd7 22. Qg5 Ne6 23. Qxf5 g6 24. Qh3 d4 25. Ne4 Bxe4 26. Bxe4 b4 27. h5 bxa3 28.
hxg6 fxg6 29. Bxg6 Rc7 30. f5 a2 31. Kd2 Rxc2+ 32.
Kxc2 Qa4+ 33. Kd2 Qb4+ 34. Ke2 Nf4+ 35. Kf3 Nxh3 36. Bxh7+ Kxh7 37. Rxh3+ Kg7 38. Rg3+ Kf7 39. Rh1 Qxb2 40. Rh7+ Ke8 41. Rgg7 a1=Q 42. Re7+ Kd8 43. Rd7+ Kc8 44. Rc7+ Kb8 0-1

[Event "Early-Titled-Tuesday-Blitz-January-30-2024"]
[Site "Chess.com"]
[Date "2024.01.30"]
[Round "10"]
[White "ural58"]
[Black "Baby_Legs"]
[Result "1/2-1/2"]
[WhiteElo "2456"]
[BlackElo "2620"]
[TimeControl "180+1"]
[EndTime "10:02:05 PST"]
[Termination "Game drawn by repetition"]

1. e4 g6 2. d4 Bg7 3. Nc3 d6 4. h4 h5 5. Nf3 Bg4 6. Be2 Nc6 7. Be3 e5 8. d5 Bxf3 9. gxf3 Nb8 10.
Qd2 Nd7 11. O-O-O Bh6 12. Bg5 Bxg5 13. hxg5 f6 14. Rdg1 fxg5 15. Rxg5 Qf6 16. Qe3 a6 17. Rhg1 Ne7 18. b4 Qf4 19. Kb2 Qxe3 20. fxe3 Rf8 21. R5g3 Rf6 22. Bf1 O-O-O 23. Ne2 Rdf8 24. f4 Kd8 25. Bh3 Nb6 26. Kb3 exf4 27. exf4 Rxf4 28. Nxf4 Rxf4 29. Rf1 Rxf1 30. Bxf1 Nd7 31. c4 Ne5 32. c5 h4 33. Rg5 Nf3 34. Rg2 g5 35. Rf2 g4 36.
Bg2 Ne5 37. Rf8+ Kd7 38. Rh8 h3 39. Bxh3 gxh3 40. Rxh3 Ng4 41. a4 Nf6 42. Re3 Ng6 43. Kc3 Ne5 44. Kd4 b6 45. cxb6 cxb6 46. Rh3 Ng8 47.
Rh7+ Ne7 48. a5 bxa5 49. bxa5 Kd8 50. Rh8+ Kc7 51. Re8 Nc8 52. Rh8 Nf3+ 53. Ke3 Ne5 54. Kd4 Nf3+ 55. Ke3 Ne5 56. Kd4 1/2-1/2

[Event "Early-Titled-Tuesday-Blitz-January-30-2024"]
[Site "Chess.com"]
[Date "2024.01.30"]
[Round "10"]
[White "1977Ivan"]
[Black "Jumbo"]
[Result "0-1"]
[WhiteElo "2817"]
[BlackElo "2947"]
[TimeControl "180+1"]
[EndTime "10:02:07 PST"]
[Termination "Jumbo won by resignation"]

1. d4 Nf6 2. Nc3 d5 3. Bf4 g6 4.
Nb5 Na6 5. e3 c6 6. Nc3 Nc7 7. Bd3 Bg7 8. h4 h5 9. Be5 O-O 10.
Nge2 Ng4 11. Bxg7 Kxg7 12. Qd2 Qd6 13. f3 Nf6 14. e4 e5 15. Qg5 Nd7 16. exd5 Nxd5 17.
Nxd5 Qxd5 18. Be4 Qc4 19. b3 Qb4+ 20. c3 Qa5 21. O-O Qd8 22. Rad1 Qxg5 23. hxg5 exd4 24.
Nxd4 Re8 25. b4 Nb6 26. Bc2 Be6 27. Nxe6+ Rxe6 28. Bb3 Re7 29. Rfe1 Rae8 30. Rxe7 Rxe7 31. Kf2 Rd7 32. Rxd7 Nxd7 33. Ke3 f6 34. f4 fxg5 35. fxg5 Ne5 36. Ke4 Nf7 37. Bxf7 Kxf7 38. Ke5 Ke7 39. g3 b5 40. c4 bxc4 41. Kd4 Ke6 42. Kxc4 Kf5 43.
Kc5 Kg4 44. Kxc6 Kxg3 45. b5 h4 46. a4 h3 47. a5 h2 48. b6 h1=Q+ 49. Kc7 axb6 50.
axb6 Qc1+ 0-1

[Event "Early-Titled-Tuesday-Blitz-January-30-2024"]
[Site "Chess.com"]
[Date "2024.01.30"]
[Round "10"]
[White "RichardLeyvaP"]
[Black "BardArtem"]
[Result "0-1"]
[WhiteElo "2553"]
[BlackElo "2785"]
[TimeControl "180+1"]
[EndTime "10:02:07 PST"]
[Termination "BardArtem won on time"]

1. e4 e5 2. Nf3 Nc6 3. Bb5 Nge7 4. c3 d5 5. d3 dxe4 6. dxe4 Qxd1+ 7. Kxd1 Bd7 8. Ke2 O-O-O 9. Bc4 f5 10. Ng5 Na5 11. Bd3 fxe4 12. Bxe4 Bb5+ 13. Ke1 Bc4 14. b3 Bg8 15. Ba3 h6 16. Nf3 Nd5 17. Bxf8 Rxf8 18. c4 Nf4 19. g3 Ne6 20. Nbd2 Nc5 21. Ke2 Nxe4 22. Nxe4 Nc6 23. Rad1 Bh7 24. Ke3 Bf5 25. Nfd2 Nd4 26. Rc1 Bg4 27. f4 Nf5+ 28. Kd3 exf4 29.
gxf4 g5 30. Rcf1 Rd8+ 31. Kc3 Ne3 32. Rf2 Nd1+ 33. Rxd1 Bxd1 34. f5 Rhf8 35. f6 Bh5 36. b4 Bg6 37. b5 Rfe8 38. Ng3 h5 39. Nf5 Bxf5 40. Rxf5 Re3+ 0-1

[Event "Early-Titled-Tuesday-Blitz-January-30-2024"]
[Site "Chess.com"]
[Date "2024.01.30"]
[Round "10"]
[White "EsmeraldasAnderson03"]
[Black "familijatop71"]
[Result "1-0"]
[WhiteElo "2402"]
[BlackElo "2233"]
[TimeControl "180+1"]
[EndTime "10:02:07 PST"]
[Termination "EsmeraldasAnderson03 won on time"]

1. d4 Nf6 2. c4 g6 3. Nc3 Bg7 4. e4 d6 5. Be2 O-O 6. Be3 e5 7. d5 a5 8. g4 Na6 9. h4 b6 10. f3 h5 11. g5 Nd7 12. Qd2 Nac5 13. Nh3 Ba6 14. O-O Bc8 15. Kh2 f5 16. gxf6 Nxf6 17. Ng5 Qd7 18. Rg1 Nh7 19. Rg3 Rf6 20. Rag1 Qe8 21.
Nb5 Na6 22. a3 Qd7 23. Ne6 Rxe6 24. dxe6 Qxe6 25. Qd5 Kf7 26. Rxg6 Qxd5 27. cxd5 Bf6 28. Rh6 Nf8 29. Rxh5 Bd7 30. Rc1 Nc5 31. b4 axb4 32.
axb4 Ra2 33. Re1 Nd3 34. Nc3 Rc2 35. Rd1 Rxc3 36. Rxd3 Rc2 37. Rd2 Rc3 38. Bg5 Bxg5 39. Rxg5 Ng6 40. Bd1 Nf4 41. Rc2 Rd3 42. Be2 Re3 43.
Bf1 1-0

[Event "Early-Titled-Tuesday-Blitz-January-30-2024"]
[Site "Chess.com"]
[Date "2024.01.30"]
[Round "10"]
[White "Sofia_Blokhin"]
[Black "shirovin"]
[Result "0-1"]
[WhiteElo "2228"]
[BlackElo "2056"]
[TimeControl "180+1"]
[EndTime "10:02:07 PST"]
[Termination "shirovin won by resignation"]

1. d4 Nf6 2. c4 g6 3. Nc3 Bg7 4. e4 d6 5. f3 O-O 6. Be3 c5 7. d5 e6 8. Qd2 exd5 9. cxd5 a6 10. a4 Re8 11. g4 Nbd7 12. g5 Nh5 13. Nge2 Ne5 14.
Ng1 Bd7 15. f4 Ng4 16. Be2 Nxe3 17. Qxe3 b5 18. Bxh5 gxh5 19. Nf3 b4 20. Ne2 Bxb2 21. Rb1 Bg7 22. O-O Bg4 23. Qd3 Qc7 24. Rbc1 Rec8 25.
Rc4 Bd7 26. f5 Bxa4 27. f6 Bf8 28. Qe3 Bb5 29. Nd2 Bxc4 30. Nxc4 a5 31. Qh3 Qb7 32. Qxh5 Qb5 33. Ng3 Qxc4 34. Nf5 Qxe4 35. Nh6+ Bxh6 36.
Qxh6 Qg6 37. Qh4 Re8 38. Qf4 Re2 39. h4 Qe4 40. Qg3 Re3 41. Qxd6 Qg4+ 42. Kf2 Rf3+ 43. Ke1 Rxf1+ 44. Kxf1 Re8 45. Qxc5 Qe2+ 46. Kg1 Qe3+ 47.
Qxe3 Rxe3 48. Kf2 Rd3 0-1